cohdb
Replays
Latest Replays
All Replays
Popular Replays
Top Player Replays
Match Explorer
How It Works
Community
CoH3 Stats
Reddit
Sign in to upload your games and track your stats! →
Sign in with Steam
Match 39800249
Unlisted
Match 39800249
Overview
Messages
Build Orders
End
Kettenkrad Recon Vehicle
Construct Infanterie Kompanie
Selects Terror Battlegroup
Selects Terror Battlegroup
MG 42 Machine Gun Team
MG 42 Machine Gun Team
GrW 34 Mortar Team
Construct Luftwaffe Kompanie
221 Scout Car
Jäger Squad
Jäger Squad
Support Elements
Selects Contempt for the Weak
Jäger Squad
Jäger Squad
Wirbelwind Flakpanzer
Medical Bunker
Selects Propaganda Leaflet Drop
Wirbelwind Flakpanzer
Wirbelwind Flakpanzer
Selects V1 Rocket Strike
V1 Rocket Strike
Selects Heavy Gunnery
Selects Defend the Fatherland
Wirbelwind Flakpanzer
Wirbelwind Flakpanzer
Construct Panzergrenadier Kompanie
Jäger Squad
MG 42 Machine Gun Team
V1 Rocket Strike
251 Medium Carrier
Jäger Squad
Wirbelwind Flakpanzer
飞云
Moltke1871
Mr.Wu
nonocat
Dr.eiser
Klimek_8912
Ecce Mono
PasDeQuartier
0
0
Comments
sign in to comment!
No comments posted yet!